 Dungeon Crawl Stone Soup version 0.18-b1-16-g289874d (webtiles) character file.

137 Zhenya25pyc the Covered (level 5, -8/33 HPs)
             Began as a Gargoyle Fighter on May 2, 2016.
             Mangled by an ogre
             ... wielding a +0 giant spiked club
              (13 damage)
             ... on level 4 of the Dungeon.
             The game lasted 00:04:19 (2292 turns).

Zhenya25pyc the Covered (Gargoyle Fighter)          Turns: 2292, Time: 00:04:20

Health: -8/33      AC: 13    Str: 20    XL:     5   Next: 20%
Magic:  5/5        EV:  7    Int:  9    God:
Gold:   104        SH:  9    Dex:  9    Spells: 0 memorised, 4 levels left

rFire  . . .     SeeInvis +     a - +0 flail
rCold  + . .     Gourm    .     b - +0 scale mail
rNeg   + . .     Faith    .     c - +0 shield
rPois  ∞         Spirit   .     (no helmet)
rElec  +         Dismiss  .     h - +0 cloak
rCorr  .         Reflect  .     (no gloves)
SustAt .         Harm     .     B - +0 pair of boots
MR     .....                    (no amulet)
Stlth  ..........               t - ring of see invisible
                                o - ring of protection from cold

@: not resistant to hostile enchantments, extremely unstealthy
A: negative energy resistance 1, electricity resistance, unbreathing,
petrification resistance, rot immunity, AC +4
a: no special abilities


You were on level 4 of the Dungeon.
You were near starving.

You visited 1 branch of the dungeon, and saw 4 of its levels.

You collected 104 gold pieces.

Inventory:

Hand Weapons
 a - a +0 flail (weapon)
Armour
 b - a +0 scale mail (worn)
 c - a +0 shield (worn)
 h - a +0 cloak (worn)
 B - a +0 pair of boots (worn)
Jewellery
 o - a ring of protection from cold (left hand)
 t - a ring of see invisible (right hand)
Wands
 n - a wand of digging (1/24)
Scrolls
 e - 5 scrolls of identify {unknown}
 m - 3 scrolls of teleportation {unknown}
 r - a scroll of immolation {unknown}
 x - a scroll of amnesia {unknown}
 y - a scroll of enchant armour {unknown}
Potions
 d - a potion of might
 g - 2 potions of heal wounds {unknown}
 j - 3 potions of haste {unknown}
 k - 2 potions of curing {unknown}
 l - a potion of ambrosia {unknown}
 s - a potion of cancellation {unknown}
 u - a potion of brilliance {unknown}
 w - a potion of lignification {unknown}
 z - a potion of degeneration {unknown}
 A - a potion of mutation {unknown}
Books
 p - a book of the Warp

   Spells                             Type                      Level
   a - Recall                         Summoning/Translocation      3
   b - Gell's Gravitas                Hexes/Translocation          3
   c - Force Lance                    Conjuration/Translocation    4
   d - Warp Weapon                    Charms/Translocation         5
   e - Summon Forest                  Summoning/Translocation      5
Comestibles
 f - 3 bread rations
 i - a beef jerky
 q - a slice of pizza
 v - 2 meat rations


   Skills:
 + Level 3.8 Fighting
 * Level 3.8 Maces & Flails
 + Level 4.1 Armour
 + Level 4.0 Shields


You had 4 spell levels left.
You didn't know any spells.

Dungeon Overview and Level Annotations

Branches:
Dungeon (4/15)
 Temple: D:4-7

Altars:
Cheibriados
Fedhas
Makhleb
Pakellas


Innate Abilities, Weirdness & Mutations

You are resistant to torment.
Your stone body is resilient (AC +4).
You are immune to poison.
You resist negative energy.
You are resistant to electric shocks.
You can survive without breathing.
You are immune to petrification.
You are immune to rotting.


Message History

* * * LOW HITPOINT WARNING * * *
You are too injured to fight recklessly!
You are too injured to fight recklessly!
You are too injured to fight recklessly!
You are too injured to fight recklessly!
You are too injured to fight recklessly!
You are too injured to fight recklessly!
Your scale mail prevents you from hitting the ogre.
The ogre is severely wounded.
The ogre hits you but does no damage.
You hit the ogre.
The ogre is severely wounded.
The ogre hits you but does no damage.
You barely miss the ogre.
The ogre is severely wounded.
You block the ogre's attack.
You barely miss the ogre.
The ogre is severely wounded.
The ogre hits you with a giant spiked club!
You die...

.## #..# #..# #
#..# #. ...
.###.###.######
...............
#O@.# #.#.######.#
#[.........#
#.#.####.#.########
#..........#
#.#.####...# #...#
#..<# #..##


You could see an ogre.

Vanquished Creatures
  4 gnolls (D:3)
  3 adders
  An ooze (D:2)
  A worm (D:2)
  A giant gecko (D:3)
  2 orcs (D:3)
  A ball python (D:3)
  5 bats
  4 giant cockroaches
  4 goblins
  8 hobgoblins
  6 jackals
  11 kobolds
  A giant cockroach zombie (D:4)
  7 giant newts
  3 rats
62 creatures vanquished.

Vanquished Creatures (others)
  A fungus (D:3)
1 creature vanquished.

Grand Total: 63 creatures vanquished

Notes
Turn   | Place    | Note
--------------------------------------------------------------
     0 | D:1      | Zhenya25pyc the Gargoyle Fighter began the quest for the Orb.
     0 | D:1      | Reached XP level 1. HP: 14/14 MP: 1/1
   185 | D:1      | Reached XP level 2. HP: 19/19 MP: 2/2
   555 | D:2      | Reached XP level 3. HP: 21/23 MP: 3/3
   576 | D:2      | Found a snail-covered altar of Cheibriados.
   716 | D:2      | Found an oddly glowing altar of Pakellas.
  1225 | D:3      | Found a burning altar of Makhleb.
  1324 | D:3      | Reached XP level 4. HP: 25/28 MP: 4/4
  1753 | D:3      | Found a blossoming altar of Fedhas.
  1774 | D:3      | Reached XP level 5. HP: 31/33 MP: 5/5
  2283 | D:4      | Noticed an ogre
  2292 | D:4      | Mangled by an ogre

Skill      XL: |  1  2  3  4 |
---------------+-------------+-----
Maces & Flails | 3 |  3.8
Armour         | 4 |  4.1
Shields        | 4 |  4.0
Fighting       | |  3.8

Action                   |  1- 3 |  4- 6 || total
-------------------------+-------+-------++-------
Melee: Flail             |   124 |    90 ||   214
  Eat: Chunk             |     1 |     2 ||     3
Armor: Scale mail        |    77 |    62 ||   139
Dodge: Dodged            |    31 |    31 ||    62
Block: Shield            |    62 |    60 ||   122
